 Dungeon Crawl Stone Soup version 0.30.1-11-g7821555f0a (webtiles) character file.

Game seed: 7896610435781712423

258 PaiMei the Grave Robber (level 5, 0/39 HPs)
             Began as a Demonspawn Necromancer on Jan 9, 2024.
             Killed from afar by an orc wizard (4 damage)
             ... with a puff of flame
             ... on level 4 of the Dungeon.
             The game lasted 00:04:37 (3730 turns).

PaiMei the Grave Robber (Demonspawn Necromancer)    Turns: 3730, Time: 00:04:37

Health: 0/39       AC:  2    Str:  9    XL:     5   Next: 94%
Magic:  8/9        EV: 13    Int: 24    God:
Gold:   195        SH:  0    Dex: 13    Spells: 9/10 levels left

rFire   . . .        g - +1 hand axe (freeze)
rCold   . . .        (no shield)
rNeg    . . .        a - +0 robe
rPois   .            (no helmet)
rElec   .            (no cloak)
rCorr   .            (no gloves)
SInv    .            (no boots)
Will    .....        (no amulet)
Stlth   ++           l - +6 ring of intelligence
HPRegen 0.26/turn    (no ring)
MPRegen 0.11/turn

%: no passive effects
@: no status effects
A: demonic touch 1
a: no special abilities


You were on level 4 of the Dungeon.
You visited 1 branch of the dungeon, and saw 4 of its levels.

You collected 195 gold pieces.

Inventory:

Hand Weapons
 g - a +1 hand axe of freezing (weapon)
Missiles
 j - 4 atropa-tipped darts (quivered)
 x - 5 poisoned darts
Armour
 a - a +0 robe (worn)
Jewellery
 k - a ring of ice
 l - a +6 ring of intelligence (left hand)
Wands
 r - a wand of quicksilver (11)
 v - a wand of paralysis (6)
Scrolls
 d - a scroll of torment {unknown}
 f - a scroll of fear {unknown}
 h - 2 scrolls of identify {unknown}
 t - a scroll of enchant armour {unknown}
 u - a scroll of noise {unknown}
 w - a scroll of immolation {unknown}
 y - a scroll of enchant weapon {unknown}
 z - a scroll of teleportation {unknown}
Potions
 b - a potion of magic
 c - a potion of flight {unknown}
 e - 2 potions of resistance {unknown}
 i - a potion of attraction {unknown}
 m - 2 potions of curing {unknown}
 n - a potion of lignification {unknown}
 o - 2 potions of heal wounds {unknown}
 p - a potion of might {unknown}
 q - 3 potions of mutation {unknown}
 s - a potion of ambrosia {unknown}


   Skills:
 + Level 2.4 Fighting
 + Level 3.2 Dodging
 - Level 2.1 Stealth
 + Level 3.2 Spellcasting
 + Level 5.5 Necromancy


You had 9 spell levels left.
You knew the following spells:

 Your Spells              Type           Power      Damage    Failure   Level
a - Necrotise             Necr           100%       1d9       1%          1

Your spell library contained the following spells:

 Spells                   Type           Power      Damage    Failure   Level
 Vampiric Draining        Necr           30%        2d8       3%          3
 Beastly Appendage        Tmut           6%         N/A       11%         1
 Animate Dead             Necr           30%        N/A       11%         4
 Wereblood                Tmut           3%         N/A       16%         2
 Agony                    Necr           30%        N/A       30%         5
 Spider Form              Tmut/Pois      3%         N/A       32%         3


Dungeon Overview and Level Annotations

Branches:
Dungeon (4/15)
 Temple: D:4-7

Altars:
Gozag
Hepliaklqana
Wu Jian

Shops:
D:1 (

Annotations:
D:3 1 runed translucent door, Crazy Yiuf


Innate Abilities, Weirdness & Mutations

Your touch may inflict minor irresistible damage on your foes.


Message History

The orc shouts! x2
The orc wizard hits you with a +0 dagger.
A phantom comes into view.
The orc hits your orc skeleton with a +0 hand axe!
Your orc skeleton is destroyed!
The orc wizard attacks as you move away!
The orc wizard hits you with a +0 dagger.
The orc wizard attacks as you move away!
The orc wizard hits you with a +0 dagger.
The orc wizard gestures wildly while chanting.
The orc wizard flickers and vanishes!
Deactivating autopickup; reactivate with Ctrl-A.
An adder comes into view.
Something hits you.
You barely miss something. Something hits you.
You barely miss something.
The adder hisses angrily.
You hear some strange, mumbled words.
A magic dart appears from out of thin air!
The magic dart hits you!
You hit something. You freeze something. Your touch misses something.
Something hits you. x2
Something barely misses you.
An adder comes into view.
You hear some strange, mumbled words.
A puff of flame appears from out of thin air!
The puff of flame hits you!
* * * LOW HITPOINT WARNING * * *
A magic dart appears from out of thin air!
The magic dart hits you.
* * * LOW HITPOINT WARNING * * *
Casting: Necrotise (safe; 1% risk of failure)
Confirm with . or Enter, or press ? or * to list all spells.
Aiming: Necrotise (safe; 1% risk of failure)
Press: ? - help, Shift-Dir - straight line, f - adder
Aim: an adder (asleep, chance to affect: 88%)
The adder hisses angrily.
The adder writhes in agony.
The adder barely misses you.
A puff of flame appears from out of thin air!
The puff of flame hits you.
You die...

..... #.# ..!..
##.### . .....## ....
..
#.###<#####.#######..
....).o....o.........
#.#.#.#####......#
......o..W.S{..##
#.#.#.#####..#.###
#.#.#.# #..#..@# # #
#.# #..####S# #W#
#..# #.. #.# #..#
###### ####. ...#
.... ..... #..#
#.##..##..
##..#####<........
........#........
#..####...≈≈≈≈≈≈≈


You could see 2 adders and an orc.

Vanquished Creatures
  A scorpion (D:3)
  Jessica (D:2)
  4 gnolls (D:2)
  6 adders
  2 worms (D:2)
  2 dart slugs
  An orc (D:4)
  7 ball pythons
  3 endoplasms (D:1)
  4 giant cockroaches (D:2)
  6 hobgoblins
  4 jackals (D:3)
  3 quokkas
  5 bats
  7 frilled lizards
  6 goblins
  4 rats
66 creatures vanquished.

Vanquished Creatures (collateral kills)
  A dart slug (D:1)
  A goblin (D:1)
  A kobold (D:3)
  A rat (D:1)
4 creatures vanquished.

Grand Total: 70 creatures vanquished

Notes
Turn   | Place    | Note
-------+----------+-------------------------------------------
     0 | D:1      | PaiMei the Demonspawn Necromancer began the quest for the
                  | Orb.
     0 | D:1      | Reached XP level 1. HP: 13/13 MP: 3/3
   297 | D:1      | Gained mutation: Your touch may inflict minor irresistible
                  | damage on your foes. [demonic ancestry]
   297 | D:1      | Reached XP level 2. HP: 16/19 MP: 1/5
   696 | D:1      | Found Qisoky's Weapon Emporium.
  1403 | D:2      | Reached XP level 3. HP: 25/25 MP: 2/6
  1680 | D:2      | Reached skill level 1 in Fighting
  1781 | D:2      | Reached XP level 4. HP: 25/32 MP: 2/7
  1823 | D:2      | Reached skill level 5 in Necromancy
  1979 | D:2      | Noticed Jessica
  1997 | D:2      | Killed Jessica
  2121 | D:2      | Reached XP level 5. HP: 38/38 MP: 2/9
  2438 | D:2      | You fall into a shaft and drop 2 floors!
  2449 | D:4      | Found a hazy altar of Hepliaklqana.
  2938 | D:3      | Found an opulent altar of Gozag.
  3056 | D:3      | Found a runed translucent door.
  3057 | D:3      | Noticed Crazy Yiuf
  3202 | D:3      | Found an ornate altar of the Wu Jian Council.
  3711 | D:4      | Noticed a phantom
  3730 | D:4      | Killed from afar by an orc wizard

Illustrated notes

Levels and vault maps discovered:
D:1:      ncdulo_halloftheorcs, layout_loops_ring, serial_shops,
          nicolae_shop_hallway_plus, hangedman_decor_points, wad_floor_pattern_2
D:2:      layout_loops_ring, basic_altar, minmay_pentomino_s4, uniq_jessica
D:3:      layout_basic, nicolae_wu_jian_immortal_techniques, lemuel_round_altar,
          kennysheep_generic_room_10, uniq_crazy_yiuf_cottage
D:4:      layout_basic, marbit_many_paths,
          mainiacjoe_overflow_concentric_impassable, uniq_menkaure, uniq_duvessa

Skill      XL: |  1  2  3  4  5 |
---------------+----------------+-----
Stealth        | 2 |  2.1
Dodging        | 2 3 |  3.2
Fighting       | 1 2 |  2.4
Necromancy     | 5 |  5.5
Spellcasting   | 3 |  3.2

Action                     |  1- 3 |  4- 6 || total
---------------------------+-------+-------++-------
  Melee: Hand axe          |     6 |    10 ||    16
         Touch             |     3 |       ||     3
         Unarmed           |     2 |       ||     2
   Cast: Necrotise         |    62 |    79 ||   141
 Armour: Robe              |     3 |     6 ||     9
  Dodge: Dodged            |    13 |    22 ||    35
